 Dungeon Crawl Stone Soup version 0.20.0-3-g22ec75f (webtiles) character file.

167 IcySystem the Conjurer (level 5, -1/31 HPs)
             Began as an Octopode Conjurer on May 27, 2017.
             Slain by a centaur skeleton (7 damage)
             ... on level 4 of the Dungeon.
             The game lasted 00:08:40 (3356 turns).

IcySystem the Conjurer (Octopode Conjurer)          Turns: 3356, Time: 00:08:41

Health: -1/31      AC:  1    Str:  7    XL:     5   Next: 48%
Magic:  1/10       EV: 13    Int: 19    God:
Gold:   121        SH:  0    Dex: 12    Spells: 10/11 levels left

rFire    . . .     SeeInvis .   c - +0 whip
rCold    . . .     Gourm    .   (no shield)
rNeg     . . .     Faith    .   (helmet restricted)
rPois    .         Spirit   .   (no amulet)
rElec    .         Reflect  .   (no ring)
rCorr    .         Harm     .   (no ring)
MR       .....                  (no ring)
Stlth    +++.......             (no ring)
Regen    0.1/turn               (no ring)
MPRegen  0.2/turn               (no ring)
                                (no ring)
                                (no ring)

@: no status effects
A: almost no armour, stealthy swim, amphibious, 8 rings, constrict 8, camouflage
1, gelatinous body 1
a: no special abilities


You were on level 4 of the Dungeon.
You were not hungry.

You visited 1 branch of the dungeon, and saw 4 of its levels.

You collected 121 gold pieces.

Inventory:

Hand Weapons
 c - a +0 whip (weapon)
Armour
 l - a +0 large shield
Jewellery
 x - a +3 ring of slaying {unknown}
Wands
 v - a wand of paralysis (17/24)
Scrolls
 d - a scroll of enchant weapon {unknown}
 g - 3 scrolls of enchant armour {unknown}
 j - a scroll of identify {unknown}
 k - 2 scrolls of remove curse {unknown}
 p - a scroll of random uselessness {unknown}
 s - 2 scrolls of recharging {unknown}
 t - a scroll of amnesia {unknown}
Potions
 e - a potion of flight {unknown}
 f - 2 potions of curing {unknown}
 h - 3 potions of berserk rage {unknown}
 m - 4 potions of heal wounds {unknown}
 n - a potion of agility {unknown}
 o - a potion of brilliance {unknown}
 r - a potion of degeneration {unknown}
 u - 2 potions of resistance {unknown}
 w - a potion of invisibility {unknown}
 z - a potion of might {unknown}
Books
 a - a book of Conjurations

   Spells                             Type                      Level
   a - Magic Dart                     Conjuration                  1
   b - Searing Ray                    Conjuration                  2
   c - Dazzling Spray                 Conjuration/Hexes            3
   d - Fulminant Prism                Conjuration/Hexes            4
   e - Force Lance                    Conjuration/Translocation    4
   f - Iskenderun's Mystic Blast      Conjuration                  4
Comestibles
 b - 2 bread rations
 i - 2 meat rations
 q - 2 royal jellies
 A - a chunk of flesh


   Skills:
 - Level 2.0 Dodging
 - Level 3.0 Stealth
 + Level 3.8 Spellcasting
 + Level 5.3 Conjurations


You had 10 spell levels left.
You knew the following spells:

 Your Spells              Type           Power        Failure   Level  Hunger
a - Magic Dart            Conj           ###.         1%          1    None


Dungeon Overview and Level Annotations

Branches:
Dungeon (4/15)
 Temple: D:4-7

Altars:


Innate Abilities, Weirdness & Mutations

You cannot wear most types of armour.
You are very stealthy in the water. (Stealth+)
You are amphibious.
You can wear up to eight rings at the same time.
You can use your tentacles to constrict eight enemies at once.
Your skin changes colour to match your surroundings (Stealth+).
Your rubbery body absorbs attacks. (AC +1, EV +1)


Message History

The magic dart hits the centaur skeleton.
The centaur skeleton is severely damaged.
The centaur skeleton closely misses you.
Casting: Magic Dart
Confirm with . or Enter, or press ? or * to list all spells.
Aiming: Magic Dart
Press: ? - help, Shift-Dir - straight line, f/p - centaur skeleton
Aim: a centaur skeleton (severely damaged)
The magic dart hits the centaur skeleton.
The centaur skeleton is severely damaged.
The centaur skeleton hits you.
* * * LOW HITPOINT WARNING * * *
The phantom blinks!
You see here a leather armour.
You closely miss the phantom. Your squeeze misses the phantom.
The phantom hits you.
* * * LOW HITPOINT WARNING * * *
The phantom barely misses you. The phantom misses you.
The centaur skeleton hits you!
You die...

#...≈≈W≈≈)...#.#
....≈.$..♣.?.#.#
....≈.♣.≈....#.#
.$.♣...§≈....#.####
##....# #[###.#
##.###.# ##.WZ.#.#
###...@.#.#
#.......#.#
###...###.#
#.......# ####.####
#.# #.# #.# #.#


You could see a phantom and a centaur skeleton.

Vanquished Creatures
  7 adders
  4 oozes
  2 worms (D:2)
  A dart slug (D:2)
  3 leopard geckos
  An orc (D:4)
  3 ball pythons
  4 giant cockroaches
  10 hobgoblins
  7 jackals
  8 bats
  6 frilled lizards
  8 goblins
  6 kobolds
  5 rats
75 creatures vanquished.

Notes
Turn   | Place    | Note
-------+----------+-------------------------------------------
     0 | D:1      | IcySystem the Octopode Conjurer began the quest for the Orb.
     0 | D:1      | Reached XP level 1. HP: 11/11 MP: 3/3
   445 | D:1      | Reached XP level 2. HP: 17/17 MP: 1/5
   765 | D:1      | Reached XP level 3. HP: 21/21 MP: 6/6
  1237 | D:2      | Reached XP level 4. HP: 15/27 MP: 0/8
  2100 | D:2      | Reached skill level 5 in Conjurations
  2651 | D:2      | Reached XP level 5. HP: 31/31 MP: 7/10
  3331 | D:4      | Noticed a phantom
  3356 | D:4      | Slain by a centaur skeleton

Skill      XL: |  1  2  3  4 |
---------------+-------------+-----
Stealth        | 3 |  3.0
Spellcasting   | 3 |  3.8
Conjurations   | 5 |  5.3
Dodging        | |  2.0

Action                   |  1- 3 |  4- 6 || total
-------------------------+-------+-------++-------
Melee: Whip              |    21 |     9 ||    30
       Constrict         |     7 |     2 ||     9
       Unarmed           |     1 |       ||     1
       Tentacles         |     1 |       ||     1
 Cast: Magic Dart        |    55 |   116 ||   171
 Stab: Sleeping          |     3 |       ||     3
       Distracted        |     1 |       ||     1
  Eat: Chunk             |     1 |     7 ||     8
Armor: Skin              |     4 |       ||     4
Dodge: Dodged            |    15 |    24 ||    39
